 Dungeon Crawl Stone Soup version 0.31-a0-437-g7cee417757 (webtiles) character file.

Game seed: 1355093107668375351

91 AdnanSaban the Shield-Bearer (level 4, 0/29 HPs)
             Began as a Gargoyle Fighter on Aug 2, 2023.
             Killed from afar by a steam dragon (10 damage)
             ... with a ball of steam
             ... on level 4 of the Dungeon.
             The game lasted 00:02:00 (3409 turns).

AdnanSaban the Shield-Bearer (Gargoyle Fighter)     Turns: 3409, Time: 00:02:01

Health: 0/29       AC: 16    Str: 21    XL:     4   Next: 57%
Magic:  4/4        EV: 13    Int:  9    God:
Gold:   108        SH:  4    Dex:  9    Spells: 3/3 levels left

rFire   . . .        a - +0 flail
rCold   + . .        c - +0 buckler
rNeg    + . .        x - +0 chain mail
rPois   ∞            s - +0 helmet
rElec   +            (no cloak)
rCorr   .            o - +0 pair of gloves
SInv    .            v - +0 pair of boots
Will    .....        (no amulet) Stlth
                     l - +5 ring of evasion
HPRegen 0.24/turn    u - ring of protection from cold
MPRegen 0.09/turn

%: no passive effects
@: no status effects
A: sickness immunity, AC +3, negative energy resistance 1, electricity
resistance, torment resistance 1, petrification resistance
a: no special abilities


You were on level 4 of the Dungeon.
You visited 1 branch of the dungeon, and saw 4 of its levels.

You collected 108 gold pieces.

Inventory:

Hand Weapons
 a - a +0 flail (weapon)
Missiles
 p - 4 boomerangs (quivered)
Armour
 c - a +0 buckler (worn)
 o - a +0 pair of gloves (worn)
 s - a +0 helmet (worn)
 v - a +0 pair of boots (worn)
 x - a +0 chain mail (worn)
Jewellery
 l - a +5 ring of evasion (left hand)
 u - a ring of protection from cold (right hand)
Scrolls
 e - a scroll of blinking {unknown}
 f - 3 scrolls of identify {unknown}
 g - a scroll of noise {unknown}
 h - 4 scrolls of summoning {unknown}
 j - a scroll of amnesia {unknown}
 m - 2 scrolls of teleportation {unknown}
 n - 2 scrolls of torment {unknown}
 r - a scroll of fog {unknown}
 t - a scroll of vulnerability {unknown}
Potions
 b - a potion of heal wounds {unknown}
 d - 2 potions of might
 i - a potion of haste {unknown}
 k - a potion of berserk rage {unknown}
 q - a potion of resistance {unknown}
 w - a potion of mutation {unknown}
 z - a potion of magic {unknown}


   Skills:
 + Level 3.8 Fighting
 + Level 3.4 Maces & Flails
 + Level 3.7 Armour
 + Level 0.2 Dodging
 + Level 3.9 Shields


You had 3 spell levels left.
You didn't know any spells.
Your spell library contained the following spells:

 Spells                   Type           Power      Damage    Failure   Level
 Wereblood                Tmut           0%         N/A       99%         2
 Anguish                  Hex/Necr       0%         N/A       100%        4
 Cause Fear               Hex            0%         N/A       100%        4
 Enfeeble                 Hex            0%         N/A       100%        7
 Summon Hydra             Summ           0%         N/A       100%        7
 Sublimation of Blood     Necr           Unusable   N/A       N/A         2

Dungeon Overview and Level Annotations

Branches:
Dungeon (4/15)
 Temple: D:4-7

Altars:

Shops:
D:1 *


Innate Abilities, Weirdness & Mutations

You are immune to sickness and miasma.
Your stone body is resilient. (AC +3)
You are immune to poison.
You resist negative energy. (rN+)
You are resistant to electric shocks. (rElec)
You are resistant to unholy torment.
You are immune to petrification.


Message History

The adder bites you but does no damage. x2
You miss the adder.
The adder is severely wounded.
You block the adder's attack.
You barely miss the adder.
The adder is severely wounded.
The adder bites you but does no damage. The adder bites you.
You sock the adder!
You kill the adder!
No target in view!
No target in view!
No target in view!
No target in view!
No target in view!
No target in view!
No target in view!
HP restored.
A steam dragon comes into view.
Found a quarterstaff.
The steam dragon hisses angrily.
A steam dragon is nearby!
You hit the steam dragon.
The steam dragon is lightly wounded.
The steam dragon bites you but does no damage.
The steam dragon barely misses you. You block the steam dragon's attack.
The steam dragon closely misses you.
You hit the steam dragon but do no damage.
The steam dragon is lightly wounded.
The steam dragon breathes steam at you. The ball of steam hits you!
You sock the steam dragon!
The steam dragon is heavily wounded.
You are engulfed in a cloud of scalding steam.
The steam dragon bites you. The steam dragon closely misses you.
You sock the steam dragon!
The steam dragon is almost dead.
You are engulfed in a cloud of scalding steam.
The steam dragon breathes steam at you. The ball of steam hits you!
You die...

#####################
#...................#
#.#################.# ## .
#.#.................#.. ..
#.#.#...............#.##...
####'#.#........######.#......
#......###....§.§........#....
#..........####@.............#
#.....######..D§......<.......
#...... ..............##.#.###
#...>.........#######.# .#.#
#........).... ... .# .
#............. ..# ## #
######....... ... ..... ....
.....


You could see a steam dragon (catching breath).

Vanquished Creatures
  3 adders
  A worm (D:3)
  2 dart slugs
  3 orcs
  2 endoplasms
  A giant cockroach (D:3)
  4 hobgoblins
  2 jackals (D:2)
  A quokka (D:3)
  6 ball pythons
  4 bats
  2 frilled lizards (D:1)
  12 goblins
  7 kobolds
  2 rats
52 creatures vanquished.

Notes
Turn   | Place    | Note
-------+----------+-------------------------------------------
     0 | D:1      | AdnanSaban the Gargoyle Fighter began the quest for the
                  | Orb.
     0 | D:1      | Reached XP level 1. HP: 14/14 MP: 1/1
   250 | D:1      | Reached XP level 2. HP: 13/19 MP: 2/2
   392 | D:1      | Found Kyuleas's Assorted Antiques.
   852 | D:2      | Reached XP level 3. HP: 21/24 MP: 3/3
  2000 | D:3      | Reached XP level 4. HP: 12/29 MP: 4/4
  3405 | D:4      | Noticed a steam dragon
  3409 | D:4      | Killed from afar by a steam dragon

Illustrated notes

Levels and vault maps discovered:
D:1:      ldierk_walled_garden, layout_basic, serial_shops,
          nicolae_shop_real_fake_doors
D:2:      layout_basic, nicolae_houndstooth_variations
D:3:      layout_basic, serial_bayou_pond_c, amcnicky_mini_pool_small
D:4:      layout_basic, okawaru_gym_becter, uniq_natasha

Skill      XL: |  1  2  3  4 |
---------------+-------------+-----
Maces & Flails | 3 |  3.4
Fighting       | |  3.8
Armour         | |  3.7
Dodging        | |  0.2
Shields        | |  3.9

Action                     |  1- 3 |  4- 6 || total
---------------------------+-------+-------++-------
  Melee: Flail             |   125 |    34 ||   159
 Armour: Scale mail        |    79 |     9 ||    88
         Chain mail        |       |     6 ||     6
  Dodge: Dodged            |    55 |    15 ||    70
  Block: Buckler           |    35 |     9 ||    44

Table legend: (Time is in decaauts)
 A = Elapsed time spent in this place.
 B = Non-inter-level travel time spent in this place.
 C = Inter-level travel time spent in this place.
 D = Time resting spent in this place.
 E = Time spent auto-exploring this place.
 F = Levels seen in this place.
 G = Mean time per level.
                   A        B        C        D        E       F      G
               +--------+--------+--------+--------+--------+-----+--------+
         Total |   3459 |   3197 |    262 |      0 |   2731 |   4 |  864.8 |
       Dungeon |   3459 |   3197 |    262 |      0 |   2731 |   4 |  864.8 |
               +--------+--------+--------+--------+--------+-----+--------+

Top non-repeatable levels by time:
     D:3: 1456 daAuts
     D:2: 1217 daAuts
     D:1: 725 daAuts
     D:4: 60 daAuts
